[Event "*** Titled Tuesday Blitz"]
[Site "Chess.com"]
[Date "2020.05.19"]
[Round "7"]
[White "Kezin_Roman"]
[Black "vladislavkovalev"]
[Result "0-1"]
[WhiteElo "2751"]
[BlackElo "2910"]
[TimeControl "180+1"]
[EndTime "13:19:51 PDT"]
[Termination "vladislavkovalev won on time"]

1. d4 Nf6 2. c4 e6 3. g3 d5 4. Bg2 Be7 5. Nf3 O-O 6. O-O dxc4 7. Qc2 a6 8. a4 Bd7 9. Bg5 Bc6 10. Bxf6 Bxf6 11. Rd1 b5 12. Nc3 Qe7 13. e4 g6 14.
axb5 axb5 15. Rxa8 Bxa8 16. Nxb5 Qb4 17. Nxc7 Bb7 18.
d5 Qc5 19. d6 Nd7 20. e5 Bxf3 21.
Bxf3 Nxe5 22. Bg2 Rd8 23. h3 Kf8 24. Qd2 Nd3 25. b3 Rxd6 26. bxc4 Qxc7 27. Bf1 e5 28. Qe3 Nc5 0-1

[Event "*** Titled Tuesday Blitz"]
[Site "Chess.com"]
[Date "2020.05.19"]
[Round "7"]
[White "viviania"]
[Black "AlexVanGog"]
[Result "1-0"]
[WhiteElo "2887"]
[BlackElo "2695"]
[TimeControl "180+1"]
[EndTime "13:19:51 PDT"]
[Termination "viviania won by resignation"]

1. e4 c5 2. Nf3 e6 3. d4 cxd4 4.
Nxd4 Nc6 5. Nb5 d6 6. c4 a6 7. N5c3 Nf6 8. Be2 Be7 9. O-O O-O 10. Be3 b6 11. Nd2 Bb7 12. Rc1 Ne5 13. Re1 Ned7 14. Bf1 Rc8 15. f3 Qc7 16. a3 Qb8 17. b4 Bd8 18.
Kh1 Bc7 19. Bg1 Rfe8 20. Nb3 h6 21. Qd2 Qa8 22. Na4 Qb8 23. Rcd1 Bc6 24. Nb2 b5 25. Nd4 Qb7 26. Nxc6 Qxc6 27. cxb5 axb5 28. Rc1 Qb7 29.
Qd3 Qa8 30. Rc3 d5 31. Qxb5 dxe4 32. fxe4 Be5 33. Rxc8 Rxc8 34. Nc4 Bc3 35. Rd1 Nf8 36. Nb6 Qxe4 37. Nxc8 Ng4 38. Qe2 Qf4 39. g3 Qf5 40. Ne7+ 1-0

[Event "*** Titled Tuesday Blitz"]
[Site "Chess.com"]
[Date "2020.05.19"]
[Round "7"]
[White "PetrolulSah"]
[Black "queen_iryna"]
[Result "1-0"]
[WhiteElo "2201"]
[BlackElo "2315"]
[TimeControl "180+1"]
[EndTime "13:19:51 PDT"]
[Termination "PetrolulSah won by checkmate"]

1. d4 d5 2. c4 c6 3. Nf3 Nf6 4. Nc3 e6 5. g3 Be7 6. Bg2 O-O 7.
O-O b6 8. Ne5 Bb7 9. e4 dxc4 10.
Nxc4 Nbd7 11. Bf4 c5 12. d5 exd5 13. exd5 Qc8 14. Re1 Re8 15. Rxe7 Rxe7 16. Nd6 Qf8 17.
Nxb7 Ne5 18. d6 Re6 19. Bxe5 Rxe5 20. d7 Nxd7 21. Qxd7 Re7 22. Qf5 Rb8 23. Nd6 Re6 24.
Nde4 Rd8 25. Ng5 Rh6 26. Bd5 g6 27. Qf6 Rd7 28. Re1 Rh5 29. h4 h6 30. Qxg6+ Kh8 31. Qh7# 1-0

[Event "*** Titled Tuesday Blitz"]
[Site "Chess.com"]
[Date "2020.05.19"]
[Round "7"]
[White "tomozupan"]
[Black "mamonika"]
[Result "0-1"]
[WhiteElo "2181"]
[BlackElo "1982"]
[TimeControl "180+1"]
[EndTime "13:19:51 PDT"]
[Termination "mamonika won on time"]

1. d4 d5 2. c4 e6 3. Nc3 Nf6 4. Bg5 Be7 5. cxd5 exd5 6. e3 c6 7. Bd3 O-O 8. Qc2 Nbd7 9. Nf3 Re8 10.
O-O Nf8 11. Rab1 g6 12. b4 Ne6 13. Bh6 Bf8 14. Bxf8 Kxf8 15. b5 a6 16. bxc6 bxc6 17. Na4 Qd6 18. Rfc1 Bd7 19. Nc5 Nxc5 20. Qxc5 Qxc5 21.
Rxc5 a5 22. Nd2 Reb8 23. Rxb8+ Rxb8 24. Rxa5 Rb2 25. Nf1 Ng4 26. h3 Nxf2 27. Ba6 Ne4 28. Rc5 Nxc5 29. dxc5 Rxa2 30. Bd3 Ra3 31. Be2 f5 32.
Bf3 Ke7 33. Kf2 Kf6 34. g4 fxg4 35. hxg4 Ke5 36. Ng3 Ra2+ 37. Ne2 Rc2 38. Kg3 Rxc5 39. Nf4 Rc1 40. Nd3+ Kd6 41. Nxc1 c5 42. Ne2 c4 43. Nd4 Ba4 44. Kf4 c3 0-1

[Event "*** Titled Tuesday Blitz"]
[Site "Chess.com"]
[Date "2020.05.19"]
[Round "7"]
[White "Munkhzul_Turmunkh"]
[Black "AnishGiri"]
[Result "0-1"]
[WhiteElo "2509"]
[BlackElo "2985"]
[TimeControl "180+1"]
[EndTime "13:19:52 PDT"]
[Termination "AnishGiri won on time"]

1. e4 c5 2. Nf3 e6 3. d4 cxd4 4.
Nxd4 a6 5. Bd3 Qb6 6. Nb3 Qc7 7. O-O Nf6 8. Qe2 d6 9. Be3 Be7 10. a4 O-O 11. Rd1 b6 12. a5 b5 13. Bb6 Qb7 14. Nc3 Nbd7 15. Bd4 Qc7 16. f3 Bb7 17. Qf2 Rac8 18.
Bf1 Rfe8 19. Rac1 Ne5 20. Bb6 Qb8 21. Bd4 Nc4 22. Bxc4 Rxc4 23. Nd2 Rcc8 24. Nb3 Nd7 25. Qg3 Bf8 26. Rd2 Rc4 27. Rcd1 Qc7 28. Rc1 Rc8 29. Nd1 Qd8 30. c3 R4c6 31. Ra1 h5 32.
Be3 Rc4 33. Nd4 Ra4 34. Rxa4 bxa4 35. Nc2 Qxa5 36. Qf2 Ne5 37. Re2 Nc4 38. Bd4 Qb5 39. Na3 Nxa3 40. bxa3 Qb1 41. Qe1 Qd3 42. Rd2 Qc4 43. Ne3 Qb3 44. Qd1 Qxa3 45. Nc2 Qb3 46. Nb4 a5 47. Nd3 Ba6 48. Qc1 e5 49. Rb2 exd4 0-1

[Event "*** Titled Tuesday Blitz"]
[Site "Chess.com"]
[Date "2020.05.19"]
[Round "7"]
[White "pastouche06"]
[Black "BlackBoarder"]
[Result "1-0"]
[WhiteElo "2455"]
[BlackElo "2581"]
[TimeControl "180+1"]
[EndTime "13:19:54 PDT"]
[Termination "pastouche06 won on time"]

1. d4 e6 2. c4 Nf6 3. Nc3 Bb4 4. f3 c5 5. d5 O-O 6. e4 exd5 7. cxd5 Re8 8. Ne2 d6 9. Bd2 Nbd7 10. Ng3 Ne5 11.
Be2 h5 12. O-O h4 13. Nh1 a6 14. Nf2 b5 15. a4 Bd7 16. axb5 axb5 17. Rxa8 Qxa8 18.
Nxb5 Bxd2 19. Qxd2 Bxb5 20. Bxb5 Rb8 21. Be2 Qa2 22.
Nd1 Rb4 23. Qg5 h3 24. gxh3 Rd4 25. Kh1 Qb1 26. Ne3 Qxb2 27. Nf5 Ng6 28. Nxd4 cxd4 29. Bd1 d3 30. Rg1 Qd4 31. h4 Nh7 32. Qd8+ Nhf8 33. Qxd6 Qf2 34. Qg3 Qe3 35. h5 1-0

[Event "*** Titled Tuesday Blitz"]
[Site "Chess.com"]
[Date "2020.05.19"]
[Round "7"]
[White "ENEASZ"]
[Black "Doukis"]
[Result "0-1"]
[WhiteElo "2523"]
[BlackElo "2389"]
[TimeControl "180+1"]
[EndTime "13:19:54 PDT"]
[Termination "Doukis won by resignation"]

1. e4 e5 2. Nf3 Nc6 3. Bc4 Nf6 4. d3 h6 5. O-O d6 6. c3 g5 7. b4 Bg7 8. b5 Ne7 9. Nbd2 Ng6 10. a4 g4 11. Ne1 h5 12. Nc2 Nf4 13. Nb3 h4 14. Bxf4 exf4 15. Nbd4 g3 16. fxg3 hxg3 17. h3 Nh5 18.
Ne3 Bxd4 19. cxd4 Qh4 20. Nd5 Bxh3 21. gxh3 Qxh3 22. Ra2 Ng7 23. Qf3 Ne6 24. Qg2 Qh4 25. a5 O-O-O 26. b6 cxb6 27. axb6 a6 28. Nc7 Ng5 29. Rf3 Nxf3+ 30. Qxf3 g2 31. Qxg2 Qe1+ 0-1

[Event "*** Titled Tuesday Blitz"]
[Site "Chess.com"]
[Date "2020.05.19"]
[Round "7"]
[White "IAgrest"]
[Black "FrogMist"]
[Result "1-0"]
[WhiteElo "2259"]
[BlackElo "2369"]
[TimeControl "180+1"]
[EndTime "13:19:55 PDT"]
[Termination "IAgrest won by resignation"]

1. e4 e5 2. Nf3 Nc6 3. Bb5 a6 4. Ba4 Nf6 5. O-O Be7 6. Re1 b5 7.
Bb3 O-O 8. h3 d5 9. c3 dxe4 10.
Ng5 Bf5 11. Bc2 Qd5 12. f3 Bc5+ 13. Kh2 exf3 14. Bxf5 e4 15. g4 Qe5+ 16. Kh1 Qg3 17. Rg1 Bxg1 18. Qxg1 Qh4 19. d3 exd3 20. Bf4 f2 21.
Qf1 Rfe8 22. Nd2 Re1 23. Ndf3 Rxf1+ 24. Rxf1 Qh6 25. Rxf2 Re8 26. Kg2 Re2 27. Bxd3 Rxf2+ 28. Kxf2 Nd5 29. Bd2 Qh4+ 30. Nxh4 h6 31. Ne4 Ne5 32. Be2 c6 33. Nf3 Nd7 34. Nd4 Ne5 35. b3 a5 36. c4 bxc4 37. bxc4 Nb4 38. Bxb4 axb4 39. Nc5 g6 40. Nf3 b3 41. axb3 1-0

[Event "*** Titled Tuesday Blitz"]
[Site "Chess.com"]
[Date "2020.05.19"]
[Round "7"]
[White "Rodalquilar"]
[Black "mrkvoz"]
[Result "0-1"]
[WhiteElo "2645"]
[BlackElo "2819"]
[TimeControl "180+1"]
[EndTime "13:19:56 PDT"]
[Termination "mrkvoz won on time"]

1. d4 d6 2. c4 e5 3. Nf3 e4 4. Ng5 f5 5. Nc3 Be7 6. Nh3 Nf6 7. g3 c6 8. Bg2 Nbd7 9. O-O Nb6 10. b3 d5 11. a4 dxc4 12. a5 Nbd5 13. Nxd5 Qxd5 14. Nf4 Qf7 15. bxc4 Qxc4 16. Bb2 O-O 17. a6 Bd6 18.
axb7 Bxb7 19. Rc1 Qf7 20. Qa4 a5 21. Rfd1 Nd5 22. e3 g5 23. Nh3 h6 24. Bf1 f4 25.
Rxc6 Bxc6 26. Qxc6 Rad8 27. Bc4 Be7 28. gxf4 Kh7 29.
Kh1 Qf5 30. Ng1 gxf4 31. exf4 Nxf4 32. d5 Bd6 33. Qb7+ Rf7 34. Qb6 Qg6 35. Bf1 Rg8 36. Nh3 Qg4 0-1

[Event "*** Titled Tuesday Blitz"]
[Site "Chess.com"]
[Date "2020.05.19"]
[Round "7"]
[White "Aradej"]
[Black "Bubi6"]
[Result "0-1"]
[WhiteElo "2458"]
[BlackElo "2605"]
[TimeControl "180+1"]
[EndTime "13:19:56 PDT"]
[Termination "Bubi6 won by resignation"]

1. e4 c6 2. Nf3 d5 3. d3 Nf6 4. Nbd2 Bg4 5. h3 Bxf3 6. Qxf3 e5 7. Be2 Bc5 8. O-O O-O 9. c3 a5 10. Qg3 Nbd7 11. a4 Kh8 12. Bd1 Ba7 13. Bc2 Nc5 14.
Re1 Re8 15. Nf3 dxe4 16. Nxe5 Rxe5 17. Qxe5 exd3 18. Rd1 Ncd7 19. Qf5 dxc2 20. Qxc2 h6 21. Bf4 Qb6 22. Be3 Qa6 23. Bxa7 Qxa7 24. Rd4 Qc5 25. Qb3 Qe7 26. Qxb7 Rb8 27. Qxc6 Rxb2 28. Qa8+ Kh7 29. Qxa5 Ne5 30. Qd8 Qe6 31. Rf4 Ng6 32. Rf3 Ne4 33. a5 Ng5 34. Rg3 Qf5 35. Qd4 Ne6 36. Qe3 Ngf4 37. a6 Ne2+ 38. Kh2 Nxg3 39. Qxg3 Qd5 40. a7 Qa8 41. Qb8 Rxb8 0-1

[Event "*** Titled Tuesday Blitz"]
[Site "Chess.com"]
[Date "2020.05.19"]
[Round "7"]
[White "Chichin_chao"]
[Black "northridgehawk"]
[Result "1-0"]
[WhiteElo "2384"]
[BlackElo "2241"]
[TimeControl "180+1"]
[EndTime "13:19:56 PDT"]
[Termination "Chichin_chao won on time"]

1. e4 e5 2. Nf3 Nc6 3. Bc4 Nf6 4. d3 Bc5 5. Nbd2 d6 6. h3 a6 7. c3 Ba7 8. Bb3 h6 9. Qe2 O-O 10. g4 d5 11. Nf1 d4 12. Ng3 Nd7 13. g5 hxg5 14.
Nxg5 g6 15. h4 Nc5 16. Bc2 f6 17. Nh3 Kg7 18. h5 Rh8 19. Bd2 Be6 20. h6+ Kh7 21. f4 Qd7 22. f5 gxf5 23. Nxf5 Bxf5 24. exf5 e4 25. O-O-O exd3 26. Bxd3 Nxd3+ 27. Qxd3 Ne5 28. Qe4 d3 29. Nf4 Qb5 30. Nd5 1-0

[Event "*** Titled Tuesday Blitz"]
[Site "Chess.com"]
[Date "2020.05.19"]
[Round "7"]
[White "RubensCezila"]
[Black "1977Ivan"]
[Result "0-1"]
[WhiteElo "2463"]
[BlackElo "2636"]
[TimeControl "180+1"]
[EndTime "13:19:57 PDT"]
[Termination "1977Ivan won by resignation"]

1. c4 e5 2. Nc3 Bb4 3. Nd5 Bc5 4. e3 c6 5. Nc3 Qe7 6. Bd3 Nf6 7. Qc2 O-O 8. Na4 Bb4 9. a3 Ba5 10. c5 e4 11. Bc4 d5 12. cxd6 Qxd6 13. b4 Bc7 14.
Nc5 Re8 15. Bb2 b6 16. Nb3 Nbd7 17. f4 b5 18. Be2 Nb6 19. Rc1 Nc4 20. Bxc4 bxc4 21.
Qxc4 Be6 22. Qc3 a5 23. Nc5 axb4 24. axb4 Ra2 25. Nxe4 Qd5 26. d3 Rxb2 27. Qxb2 Nxe4 28. dxe4 Qxe4 29. Qc2 Qxe3+ 30. Ne2 Bg4 0-1

[Event "*** Titled Tuesday Blitz"]
[Site "Chess.com"]
[Date "2020.05.19"]
[Round "7"]
[White "Zurability"]
[Black "Slovak_fighter2000"]
[Result "1-0"]
[WhiteElo "2697"]
[BlackElo "2542"]
[TimeControl "180+1"]
[EndTime "13:20:00 PDT"]
[Termination "Zurability won by resignation"]

1. Nf3 Nf6 2. c4 e6 3. g3 b6 4.
Bg2 Bb7 5. O-O c5 6. Nc3 Be7 7. d4 cxd4 8. Qxd4 O-O 9. Rd1 d6 10. Bg5 Nc6 11. Qd3 a6 12. Bxf6 Bxf6 13. Qxd6 Qxd6 14. Rxd6 Bxc3 15. bxc3 Rfd8 16. Rad1 Kf8 17. Ng5 Ke7 18. Bxc6 Rxd6 19. Rxd6 Kxd6 20. Bxb7 Ra7 21.
Be4 h6 22. Nf3 Kc5 23. Bd3 b5 24. Nd2 bxc4 25. Bxc4 Rb7 26. Bxa6 Rb2 27. Nb3+ Kb6 28. Bd3 Rxa2 29. c4 e5 30. c5+ Kc6 31. Be4+ Kb5 32. c6 Kb6 33. e3 Rb2 34. Bd5 f6 35. Nc5 Rc2 36. Ne6 g5 37. g4 Rd2 38. c7 Rc2 39.
Be4 Rc3 40. Kg2 Rc4 41. Bf5 Rc3 42. h4 Kb7 43. h5 Rc1 44. c8=Q+ Rxc8 45. Nxg5 fxg5 46.
Bxc8+ Kxc8 47. Kf3 Kd7 48. Ke4 Ke6 49. f3 1-0

[Event "*** Titled Tuesday Blitz"]
[Site "Chess.com"]
[Date "2020.05.19"]
[Round "7"]
[White "Roman_Ovetchkin"]
[Black "heartofatiger"]
[Result "1-0"]
[WhiteElo "2638"]
[BlackElo "2461"]
[TimeControl "180+1"]
[EndTime "13:20:00 PDT"]
[Termination "Roman_Ovetchkin won on time"]

1. d4 e6 2. e4 d5 3. Nc3 Bb4 4. e5 Ne7 5. a3 Bxc3+ 6. bxc3 c5 7. h4 Qa5 8. Bd2 Nbc6 9. h5 h6 10. a4 Bd7 11. Nf3 O-O-O 12. Qb1 Qc7 13. Be2 f6 14. exf6 gxf6 15. g3 e5 16. dxc5 Bg4 17. Qb5 f5 18. a5 a6 19. Qb6 Qd7 20. Rb1 Bxf3 21. Bxf3 Rdf8 22. Be2 f4 23. gxf4 exf4 24. Kd1 d4 25. c4 Rhg8 26. Bf3 Rf6 27. Re1 Rgf8 28. Kc1 d3 29. c3 Rg8 30. Kb2 Rf5 31.
Ka2 Qc7 32. Rxe7 Qxe7 33. Bxc6 Qxc5 34. Qxb7+ 1-0

[Event "*** Titled Tuesday Blitz"]
[Site "Chess.com"]
[Date "2020.05.19"]
[Round "7"]
[White "Radzio1987"]
[Black "Hikaru"]
[Result "1/2-1/2"]
[WhiteElo "2919"]
[BlackElo "3188"]
[TimeControl "180+1"]
[EndTime "13:20:01 PDT"]
[Termination "Game drawn by agreement"]

1. c4 e5 2. Nc3 Nf6 3. Nf3 Nc6 4. a3 d5 5. cxd5 Nxd5 6. Qc2 Nxc3 7. dxc3 a5 8. e3 Bc5 9. Bd3 h5 10. b3 g6 11. Bb2 Qe7 12. b4 Bd6 13. O-O O-O 14. Rac1 b6 15. Rcd1 Bb7 16. e4 Nd8 17. Bc4 Ne6 18. Bc1 Kg7 19. Be3 axb4 20. axb4 f6 21. Qb3 Nd8 22. Bd5 c6 23. Bc4 b5 24.
Be2 Nf7 25. Nd2 Bc8 26. Ra1 Be6 27. Qb2 h4 28. Rxa8 Rxa8 29. Ra1 Qe8 30. Ra3 h3 31. g3 Be7 32. c4 Nd6 33. c5 Nf7 34. Qa1 Rd8 35. Ra7 Rd7 36. Qa6 Rxa7 37. Qxa7 Qd7 38. Qxd7 Bxd7 39. f3 f5 1/2-1/2

[Event "*** Titled Tuesday Blitz"]
[Site "Chess.com"]
[Date "2020.05.19"]
[Round "7"]
[White "FeketeBarika"]
[Black "guillembaches"]
[Result "0-1"]
[WhiteElo "2263"]
[BlackElo "2413"]
[TimeControl "180+1"]
[EndTime "13:20:01 PDT"]
[Termination "guillembaches won by resignation"]

1. Nf3 d5 2. g3 g6 3. Bg2 Bg7 4. O-O e5 5. d3 Ne7 6. Bd2 O-O 7. e4 Nbc6 8. Re1 h6 9. Nc3 Be6 10. exd5 Nxd5 11. Ne4 Qe7 12. Qe2 Rad8 13. Nc3 Nb6 14.
a4 a6 15. Be3 Nd4 16. Bxd4 exd4 17. Ne4 Nd5 18. Ned2 b5 19. axb5 axb5 20. Nb3 c5 21. Ne5 Rc8 22. Na5 Rfe8 23. Nxg6 fxg6 24. Bxd5 Bxd5 25.
Qxe7 Rxe7 26. Rxe7 c4 27. dxc4 bxc4 28. Rae1 d3 29.
cxd3 cxd3 30. Re8+ Rxe8 31. Rxe8+ Kf7 32. Rd8 Ke6 33.
Kf1 Bxb2 34. Rxd5 Kxd5 35. Nb3 Bc3 36. f3 Kc4 0-1

[Event "*** Titled Tuesday Blitz"]
[Site "Chess.com"]
[Date "2020.05.19"]
[Round "7"]
[White "jucAxx"]
[Black "VALPARAISO37"]
[Result "0-1"]
[WhiteElo "2095"]
[BlackElo "2304"]
[TimeControl "180+1"]
[EndTime "13:20:01 PDT"]
[Termination "VALPARAISO37 won by resignation"]

1. e4 e5 2. Nc3 Nc6 3. Bc4 Nf6 4. d3 Bc5 5. h3 Na5 6. Bb3 d6 7. Na4 Nxb3 8. axb3 Bb4+ 9. c3 Ba5 10. b4 Bb6 11.
Nxb6 cxb6 12. Nf3 O-O 13. Bg5 h6 14. Bh4 Re8 15. O-O g5 16. Bg3 Nh7 17. Nd2 a6 18. Qh5 Kg7 19. b5 Be6 20. bxa6 bxa6 21. d4 f6 22. d5 Bf7 23. Qe2 b5 24. h4 Qb6 25.
hxg5 hxg5 26. Nb3 Nf8 27. Na5 Ng6 28. Nc6 Rh8 29. Qe3 Qc7 30. f3 Nf4 31. Bxf4 gxf4 32. Qd2 Rh4 33. Kf2 Qb6+ 34. Ke2 Rh2 35. Kd3 f5 36.
Rh1 Rah8 37. Rxh2 Rxh2 38. Rf1 a5 39. Rf2 a4 40. Ne7 fxe4+ 41. fxe4 Qc5 42. Nf5+ Kf8 43. Kc2 b4 44. Rf1 b3+ 45. Kb1 Qc4 46. Rd1 Qxe4+ 47.
Qd3 Qxd3+ 0-1

[Event "*** Titled Tuesday Blitz"]
[Site "Chess.com"]
[Date "2020.05.19"]
[Round "7"]
[White "savagemedusa"]
[Black "WiktoriaPOL"]
[Result "1-0"]
[WhiteElo "2246"]
[BlackElo "2006"]
[TimeControl "180+1"]
[EndTime "13:20:01 PDT"]
[Termination "savagemedusa won by checkmate"]

1. d4 Nf6 2. c4 g6 3. Nc3 Bg7 4. e4 d6 5. Be2 O-O 6. Be3 e5 7. d5 Ne8 8. g4 f5 9. gxf5 gxf5 10. exf5 Bxf5 11. h4 Nf6 12. h5 h6 13. f3 Kh7 14.
Bd3 Qd7 15. Qc2 Bxd3 16. Qxd3+ Kh8 17. O-O-O Qf7 18. Qg6 Qxg6 19. hxg6 Ng8 20. Ne4 Rf5 21. Ng5 Bf6 22. Nf7+ Kg7 23. Nxh6 Nxh6 24. Rxh6 Na6 25. Ne2 Bg5 26. Bxg5 Rxg5 27. Rdh1 Rxg6 28. Rh7+ Kf6 29.
Nc3 Rg7 30. Ne4+ Kf7 31. Ng5+ Kf6 32. R1h6+ Rg6 33. Ne4+ Kf5 34. Rf7+ Rf6 35. Rfxf6# 1-0

[Event "*** Titled Tuesday Blitz"]
[Site "Chess.com"]
[Date "2020.05.19"]
[Round "7"]
[White "mfwagnerpeixoto"]
[Black "GMJustin"]
[Result "1/2-1/2"]
[WhiteElo "2227"]
[BlackElo "2335"]
[TimeControl "180+1"]
[EndTime "13:20:02 PDT"]
[Termination "Game drawn by agreement"]

1. d4 Nf6 2. Nf3 d5 3. Bf4 g6 4. e3 Bg7 5. h3 O-O 6. Be2 c5 7.
O-O Nc6 8. c3 Nd7 9. Bh2 e5 10.
dxe5 Ndxe5 11. Na3 Be6 12. Qd2 Qd7 13. Rad1 Rad8 14.
Qc1 Nxf3+ 15. Bxf3 Ne5 16. Bxd5 Bxd5 17. e4 Qc6 18. Rxd5 Rxd5 19. exd5 Qxd5 20. Qe3 Rd8 21. b3 a6 22. Bf4 Nd3 23. Rd1 Qf5 24. g4 Qd7 25. Nc4 b5 26. Ne5 Bxe5 27. Bxe5 Qe6 28.
Rxd3 Rxd3 29. Qxd3 Qxe5 1/2-1/2

[Event "*** Titled Tuesday Blitz"]
[Site "Chess.com"]
[Date "2020.05.19"]
[Round "7"]
[White "ErikRonka"]
[Black "antoszu"]
[Result "0-1"]
[WhiteElo "2374"]
[BlackElo "2540"]
[TimeControl "180+1"]
[EndTime "13:20:03 PDT"]
[Termination "antoszu won on time"]

1. e4 c5 2. Nf3 e6 3. d4 cxd4 4. Nxd4 a6 5. Nc3 Qc7 6. Qf3 Nf6 7. Bg5 Be7 8. Be2 d6 9. Qg3 Nbd7 10. f4 O-O 11. O-O-O b5 12. Bh6 Ne8 13. f5 Ndf6 14. a3 e5 15. Nb3 Bb7 16. Bf3 Rc8 17. Nd2 a5 18. Kb1 b4 19. Na2 Qxc2+ 20. Ka1 bxa3 21. bxa3 Rb8 22. Rc1 Qd3 23. Rc3 Qa6 24. Rb1 Rc8 25. Rxc8 Bxc8 26. Be3 Bb7 27. Qf2 Qa8 28. Nc3 d5 29.
exd5 Bxa3 30. g4 Bb4 31. Nce4 Bxd5 32. Bc5 Nxe4 33. Bxe4 Bxe4 0-1

[Event "*** Titled Tuesday Blitz"]
[Site "Chess.com"]
[Date "2020.05.19"]
[Round "7"]
[White "MikeKorovin"]
[Black "IMTominho"]
[Result "0-1"]
[WhiteElo "2642"]
[BlackElo "2838"]
[TimeControl "180+1"]
[EndTime "13:20:04 PDT"]
[Termination "IMTominho won by resignation"]

1. Nf3 d5 2. d4 Nf6 3. c4 c6 4. e3 Bf5 5. Nc3 e6 6. Nh4 Be4 7. f3 Bg6 8. Nxg6 hxg6 9. g3 Nbd7 10. Bg2 dxc4 11. O-O Be7 12. Qe2 b5 13. a4 Qb6 14. f4 Rb8 15. Bd2 O-O 16. Rfb1 a5 17. Nd1 c5 18. axb5 cxd4 19. exd4 Qxb5 20. Rxa5 Qb3 21.
Rba1 Bb4 22. Ra7 Qc2 23. Nc3 Qxb2 24. Qe3 Nb6 25. Rb1 Bxc3 26. Rxb2 Bxb2 27. Be1 Nbd5 28. Qd2 Rfc8 29. Bf1 Bc3 30. Qd1 Ne3 31. Qc1 Bxd4 32. Ra2 c3 33. Ra4 c2 34. Rxd4 Rb1 35. Bd2 Rxc1 36.
Bxc1 Nfd5 37. Bd3 Rb8 38. Kf2 Rb1 39. Bxe3 Nxe3 40. Rd8+ Kh7 0-1

[Event "*** Titled Tuesday Blitz"]
[Site "Chess.com"]
[Date "2020.05.19"]
[Round "7"]
[White "TigrVShlyape"]
[Black "MateSchmate"]
[Result "1-0"]
[WhiteElo "2820"]
[BlackElo "2550"]
[TimeControl "180+1"]
[EndTime "13:20:04 PDT"]
[Termination "TigrVShlyape won by checkmate"]

1. d4 c5 2. d5 e5 3. e4 d6 4. Nc3 g6 5. Nf3 Bg7 6. Nd2 Ne7 7. Bb5+ Bd7 8. Nc4 Nc8 9. a4 O-O 10. O-O a6 11. Bxd7 Nxd7 12. a5 f5 13. f4 exf4 14.
Bxf4 Ne5 15. Bxe5 Bxe5 16. Nxe5 dxe5 17. exf5 gxf5 18. Qd3 e4 19. Qg3+ Kh8 20. Qe5+ Qf6 21. Qxf6+ Rxf6 22. Nxe4 Rg6 23. Rxf5 Ne7 24. Re5 Rg7 25.
Nxc5 Rc8 26. b4 Ng6 27. Re4 h5 28. d6 h4 29. d7 Rcg8 30. Re8 Nf4 31. d8=Q Rxg2+ 32. Kf1 Rg1+ 33. Kf2 Rg2+ 34. Kf3 Ne6 35. Qxh4+ Kg7 36.
Nxe6+ Kf7 37. Qe7+ Kg6 38. Rxg8+ Kf5 39. Rxg2 b6 40.
axb6 a5 41. b7 a4 42. b8=R a3 43. Rf8+ Ke5 44. Nf4+ Kd4 45. Rd8+ Kc3 46. b5 Kb2 47. Rxa3 Kb1 48. c4 Kc1 49. c5 Kb1 50. c6 Kc1 51. c7 Kb1 52. b6 Kc1 53. b7 Kb1 54. b8=R+ Kc1 55. c8=R# 1-0

[Event "*** Titled Tuesday Blitz"]
[Site "Chess.com"]
[Date "2020.05.19"]
[Round "7"]
[White "Ashedu66"]
[Black "dbrankovic68"]
[Result "0-1"]
[WhiteElo "2131"]
[BlackElo "2334"]
[TimeControl "180+1"]
[EndTime "13:20:04 PDT"]
[Termination "dbrankovic68 won by checkmate"]

1. d4 Nf6 2. Nf3 g6 3. c4 Bg7 4. Nc3 d6 5. e4 O-O 6. h3 e5 7.
d5 Na6 8. Bg5 Qe8 9. g4 Nd7 10.
Be2 Ndc5 11. Nd2 Kh8 12. a3 f5 13. b4 Nxe4 14. Ndxe4 fxe4 15. Nxe4 Qf7 16. Be3 Bd7 17. h4 Qe7 18. h5 Rf4 19. Qc2 Kg8 20. hxg6 hxg6 21. O-O-O Raf8 22. Bd3 Bxg4 23. Rdg1 Bf5 24. Ng5 Bxd3 25. Qxd3 e4 26. Qc2 Qe5 27. Ne6 Rxf2 28. Bxf2 e3 29. Qxg6 Qb2+ 30. Kd1 Qd2# 0-1

[Event "*** Titled Tuesday Blitz"]
[Site "Chess.com"]
[Date "2020.05.19"]
[Round "7"]
[White "MF1966Idrisov"]
[Black "DinaBelenkaya"]
[Result "0-1"]
[WhiteElo "2320"]
[BlackElo "2220"]
[TimeControl "180+1"]
[EndTime "13:20:05 PDT"]
[Termination "DinaBelenkaya won by checkmate"]

1. Nf3 d5 2. b3 Nf6 3. Bb2 Bf5 4.
e3 Nbd7 5. d4 c6 6. Bd3 e6 7.
O-O Be7 8. Ne5 O-O 9. f4 Ne4 10.
Nxd7 Qxd7 11. Nd2 f6 12. Nxe4 Bxe4 13. Bxe4 dxe4 14. c4 Rfd8 15. Qc2 f5 16. Rfd1 a5 17. Rd2 Qc7 18. a3 g5 19. g3 Kf7 20. Kh1 h5 21. Rc1 h4 22. fxg5 hxg3 23. g6+ Kxg6 24. Rg2 Rh8 25.
Rcg1 Bh4 26. d5 e5 27. dxc6 bxc6 28. Bc3 Kf7 29. Be1 f4 30. Qxe4 Bf6 31. exf4 exf4 32. Rf1 Rae8 33. Qf3 Re3 34. Qg4 Rh4 35. Qf5 Qe7 36.
Bd2 Re2 37. Rfg1 Rxh2+ 38. Rxh2 Rxh2# 0-1

[Event "*** Titled Tuesday Blitz"]
[Site "Chess.com"]
[Date "2020.05.19"]
[Round "7"]
[White "bakki78"]
[Black "OparinGrigoriy"]
[Result "1/2-1/2"]
[WhiteElo "2761"]
[BlackElo "2905"]
[TimeControl "180+1"]
[EndTime "13:20:06 PDT"]
[Termination "Game drawn by repetition"]

1. e4 e5 2. Nf3 Nc6 3. Bb5 a6 4. Ba4 Nf6 5. Nc3 Bc5 6. Bxc6 dxc6 7. d3 Bd6 8. O-O O-O 9. Qe2 Nd7 10. Nd1 Re8 11. Ne3 Nf8 12. Nf5 f6 13. h4 g6 14.
Nh6+ Kg7 15. h5 Ne6 16. g3 Qd7 17. c3 c5 18. hxg6 hxg6 19. Nh4 Ng5 20. N6f5+ gxf5 21. Bxg5 fxg5 22. Nxf5+ Kg6 23. Kg2 Qf7 24. Rh1 Bxf5 25. exf5+ Kf6 26. Rh6+ Ke7 27. Qe4 Rh8 28. Rah1 Rxh6 29.
Rxh6 Rf8 30. g4 c6 31. Re6+ Kd7 32. d4 exd4 33. cxd4 Re8 34. dxc5 Bxc5 35. Qc4 Rxe6 36. fxe6+ Qxe6 37. Qxc5 Qxg4+ 38. Kh2 Qf4+ 39. Kg1 Qg4+ 40. Kh2 Qh4+ 41. Kg1 Qg4+ 42. Kh2 1/2-1/2

[Event "*** Titled Tuesday Blitz"]
[Site "Chess.com"]
[Date "2020.05.19"]
[Round "7"]
[White "fridaywins"]
[Black "kasparicy"]
[Result "0-1"]
[WhiteElo "2251"]
[BlackElo "2413"]
[TimeControl "180+1"]
[EndTime "13:20:06 PDT"]
[Termination "kasparicy won by resignation"]

1. e4 c5 2. Nf3 d6 3. d4 cxd4 4. Nxd4 Nf6 5. Nc3 a6 6. f4 b5 7. Bd3 e6 8. O-O Bb7 9. Qe1 Qb6 10. Be3 Ng4 11. Nf5 Nxe3 12. Qxe3 Nd7 13. Qxb6 Nxb6 14.
Ng3 d5 15. exd5 Nxd5 16. Nxd5 Bxd5 17. Be4 O-O-O 18. Bxd5 Rxd5 19. Rfd1 Bc5+ 20. Kf1 Rhd8 21. Ke2 Kc7 22. Rxd5 Rxd5 23. Rd1 Rxd1 24. Kxd1 Bd6 25. Ke2 Bxf4 26. Ne4 Kc6 27. g3 Bc1 28. b4 Kd5 29. Kd3 e5 30. Nc3+ Ke6 31. a4 Bb2 32. Nd1 bxa4 33.
Nxb2 a3 34. Na4 a2 35. Nc5+ Kd5 36. Nb3 e4+ 37. Kc3 f5 38. Kb2 e3 39. Nc5 g5 40.
Kxa2 f4 41. gxf4 gxf4 42. Kb3 f3 43. c4+ Kc6 44. Ne6 f2 45. Nd4+ Kb7 0-1

[Event "*** Titled Tuesday Blitz"]
[Site "Chess.com"]
[Date "2020.05.19"]
[Round "7"]
[White "dianosky"]
[Black "attack2mateU"]
[Result "0-1"]
[WhiteElo "2389"]
[BlackElo "2625"]
[TimeControl "180+1"]
[EndTime "13:20:08 PDT"]
[Termination "attack2mateU won by checkmate"]

1. d4 Nf6 2. c4 g6 3. Nc3 d5 4. Bg5 Ne4 5. Nxe4 dxe4 6. Qd2 Bg7 7. e3 c5 8. d5 Qb6 9. O-O-O h6 10. Bh4 Nd7 11.
f3 Ne5 12. fxe4 Bg4 13. Re1 a5 14. h3 Bd7 15. Nf3 a4 16. Bg3 Nxf3 17. gxf3 a3 18.
b3 Qf6 19. e5 Qxf3 20. Qg2 Qf5 21. e6 Bb2+ 22. Kd2 fxe6 23. e4 Qg5+ 24. Kc2 exd5 25. cxd5 O-O 26. h4 Qf6 27. e5 Bf5+ 28. Kd2 Qb6 29. Bc4 Qb4+ 30. Ke2 Bg4+ 31. Ke3 Qc3+ 32. Bd3 Rf3+ 33. Qxf3 Bxf3 34. Rhf1 Rf8 35. d6 Qd4+ 36. Kd2 Bc3+ 37. Kc2 Bxe1 38. Rxe1 Qb2# 0-1